 Dungeon Sprint DCSS version 0.24.0-41-g2ae2f7f1be (webtiles) character file.

Game seed: 15106837652183060963, levelgen mode: deterministic

3365 McKennaii the Carver (level 9, -2/74 HPs)
             Began as a Demonspawn Fighter on Dec 9, 2019.
             Was a High Priest of Makhleb.
             Slain by a three-headed hydra (8 damage)
             ... in the Dungeon (Sprint IX: "|||||||||||||||||||||||||||||").
             The game lasted 00:04:38 (829 turns).

McKennaii the Carver (Demonspawn Fighter)            Turns: 829, Time: 00:04:38

Health: -2/74      AC: 16    Str: 19    XL:     9   Next: 73%
Magic:  10/10      EV: 11    Int: 12    God:    Makhleb [*****.]
Gold:   12         SH: 11    Dex: 14    Spells: 8/8 levels left

rFire    . . .     SeeInvis .   t - +1 scimitar (flame)
rCold    . . .     Gourm    .   c - +0 shield
rNeg     . . .     Faith    .   s - +1 chain mail
rPois    .         Spirit   .   q - +0 helmet
rElec    .         Reflect  .   p - +0 cloak
rCorr    .         Harm     .   (no gloves)
MR       .....     NoTele   +   (no boots)
Stlth    ..........             (no amulet)
HPRegen  0.22/turn              b - +2 ring of evasion
MPRegen  0.12/turn              r - +3 ring of intelligence

@: no status effects
A: claws 1, yellow scales 1, powered by death 2
a: Minor Destruction, Lesser Servant of Makhleb, Major Destruction, Greater
Servant of Makhleb, Renounce Religion


You were in the Dungeon.
You worshipped Makhleb.
Makhleb was extremely pleased with you.
You were not hungry.

You visited 1 branch You collected 12 gold pieces.

Inventory:

Hand Weapons
 t - a +1 scimitar of flaming (weapon)
Armour
 c - a +0 shield (worn)
 p - a +0 cloak (worn)
 q - a +0 helmet (worn)
 s - a +1 chain mail (worn)
Jewellery
 b - a +2 ring of evasion (left claw)
 r - a +3 ring of intelligence (right claw)
Wands
 d - a wand of scattershot (6)
 o - a wand of iceblast (7)
Scrolls
 k - 3 scrolls of blinking
 m - 3 scrolls of remove curse
 n - 2 scrolls of amnesia
 w - a scroll of identify
 x - 4 scrolls of enchant armour
 y - a scroll of fear
Potions
 a - 5 potions of might
 e - 5 potions of curing
 g - 3 potions of heal wounds
 h - a potion of haste
 i - 4 potions of magic
 j - a potion of berserk rage
 l - a potion of invisibility
 u - a potion of mutation
Miscellaneous
 v - a phial of floods
Comestibles
 f - a ration
 z - 2 chunks of flesh


   Skills:
 + Level 8.1 Fighting
 * Level 14.3 Long Blades
 + Level 8.6 Armour
 + Level 4.7 Dodging
 + Level 0.2 Stealth
 + Level 9.4 Shields
 + Level 2.1 Evocations


You had 8 spell levels left.
You didn't know any spells.
Your spell library was empty.

Dungeon Overview and Level Annotations

Branches:
Dungeon (1/1)

Altars:
Cheibriados
Dithmenos
Elyvilon
Fedhas
Gozag
Hepliaklqana
Kikubaaqudgha
Makhleb
Nemelex Xobeh
Okawaru
Qazlal
Ru
Sif Muna
Trog
Uskayaw
Vehumet
Wu Jian
Xom
Yredelemnul
Zin
The Shining One
Beogh
Jiyva
Lugonu


Innate Abilities, Weirdness & Mutations

You have sharp fingernails.
You are partially covered in yellow scales. (AC +2)
You regenerate health from kills.


Message History

The five-headed hydra bites you but does no damage.
You turn to flesh and can move again.
Unknown command.
Unknown command.
Unknown command.
You lop one of the five-headed hydra's heads off!
The flame cauterises the wound!
You slash the four-headed hydra! You burn the four-headed hydra.
The four-headed hydra is moderately wounded.
Unknown command.
You hack one of the four-headed hydra's heads off!
The flame cauterises the wound!
You slice the three-headed hydra!! You burn the three-headed hydra.
The three-headed hydra is heavily wounded.
The blink frog blinks!
The three-headed hydra bites you!
* * * LOW HITPOINT WARNING * * *
The three-headed hydra bites you.
* * * LOW HITPOINT WARNING * * *
The three-headed hydra bites you!
You die...

▓.▓.▓_▓
▓.▓.▓_▓
▓.▓.▓_▓
▓.▓.▓_▓
▓.▓.▓_▓
▓.▓.▓_▓
▓.▓.▓_▓
▓.▓.▓_▓
▓@▓.▓_▓
▓D▓.▓_▓
▓l▓.▓_▓
▓S▓.▓_▓
▓F▓.▓_▓
▓H▓.▓_▓
▓r▓.▓_▓
▓F▓.▓_▓
▓.▓_▓


You could see a three-headed hydra, a hippogriff, a black mamba, a basilisk, a
blink frog, a bullfrog and a porcupine.

Vanquished Creatures
  A hydra (D)
  Erica (D)
  A deep elf mage (D)
  A komodo dragon (D)
  A yak (D)
  A wraith (D)
  2 porcupines (D)
  2 water moccasins (D)
  2 sky beasts (D)
  A necrophage (D)
  A centaur (D)
  A crocodile (D)
  A bullfrog (D)
  A howler monkey (D)
  A hound (D)
  A jelly (D)
  A worker ant (D)
  An adder (D)
  An adder skeleton (D)
  A leopard gecko (D)
  A ball python (D)
  A bat zombie (D)
  3 giant cockroaches (D)
  A kobold (D)
  A leopard gecko zombie (D)
  A quokka skeleton (D)
  A rat (D)
32 creatures vanquished.

Notes
Turn   | Place    | Note
-------+----------+-------------------------------------------
     0 | D        | McKennaii the Demonspawn Fighter began the quest for the
                  | Orb.
     0 | D        | Reached XP level 1. HP: 18/18 MP: 1/1
    10 | D        | Banished a spatial maelstrom
    34 | D        | Noticed a howler monkey
    34 | D        | Noticed a worker ant
    41 | D        | Reached skill level 2 in Long Blades
    46 | D        | Killed a howler monkey
    46 | D        | Reached skill level 3 in Long Blades
    46 | D        | Gained mutation: You have sharp fingernails. [demonic
                  | ancestry]
    46 | D        | Reached XP level 2. HP: 22/26 MP: 2/2
    46 | D        | Gained mutation: You are partially covered in yellow
                  | scales. (AC +2) [demonic ancestry]
    46 | D        | Reached XP level 3. HP: 26/31 MP: 3/3
    53 | D        | Reached skill level 4 in Long Blades
    53 | D        | Reached XP level 4. HP: 32/38 MP: 4/4
   371 | D        | Found a roughly hewn altar of Beogh.
   371 | D        | Found a snail-covered altar of Cheibriados.
   371 | D        | Found a shadowy altar of Dithmenos.
   371 | D        | Found a white marble altar of Elyvilon.
   371 | D        | Found a blossoming altar of Fedhas.
   371 | D        | Found an opulent altar of Gozag.
   372 | D        | Found a hazy altar of Hepliaklqana.
   373 | D        | Found a viscous altar of Jiyva.
   374 | D        | Found an ancient bone altar of Kikubaaqudgha.
   375 | D        | Found a corrupted altar of Lugonu.
   376 | D        | Found a burning altar of Makhleb.
   377 | D        | Found a sparkling altar of Nemelex Xobeh.
   378 | D        | Found an iron altar of Okawaru.
   379 | D        | Found a stormy altar of Qazlal.
   380 | D        | Found a sacrificial altar of Ru.
   381 | D        | Found a shimmering blue altar of Sif Muna.
   382 | D        | Found a bloodstained altar of Trog.
   383 | D        | Found a hide-covered altar of Uskayaw.
   384 | D        | Became a worshipper of Makhleb the Destroyer
   385 | D        | Found a radiant altar of Vehumet.
   386 | D        | Found an ornate altar of the Wu Jian Council.
   387 | D        | Found a shimmering altar of Xom.
   388 | D        | Found a basalt altar of Yredelemnul.
   389 | D        | Found a glowing silver altar of Zin.
   390 | D        | Found a glowing golden altar of the Shining One.
   444 | D        | Noticed a centaur
   444 | D        | Noticed a sky beast
   444 | D        | Noticed a wraith
   455 | D        | Reached skill level 5 in Fighting
   455 | D        | Reached skill level 5 in Long Blades
   455 | D        | Reached skill level 1 in Dodging
   455 | D        | Reached skill level 5 in Shields
   462 | D        | Killed a centaur
   462 | D        | Reached * piety under Makhleb
   462 | D        | Reached skill level 7 in Long Blades
   462 | D        | Gained mutation: You regenerate a little health from kills.
                  | [demonic ancestry]
   462 | D        | Reached XP level 5. HP: 23/46 MP: 5/5
   485 | D        | Killed a sky beast
   485 | D        | Reached skill level 8 in Long Blades
   485 | D        | Reached XP level 6. HP: 28/52 MP: 6/6
   520 | D        | Killed a wraith
   520 | D        | Reached skill level 9 in Long Blades
   520 | D        | Reached skill level 5 in Armour
   522 | D        | Reached ** piety under Makhleb
   552 | D        | Noticed a sky beast
   552 | D        | Noticed a deep elf mage
   561 | D        | Killed a sky beast
   561 | D        | Reached XP level 7. HP: 59/59 MP: 7/7
   566 | D        | Noticed a fire elemental
   568 | D        | Killed a deep elf mage
   568 | D        | Reached skill level 11 in Long Blades
   575 | D        | Reached XP level 8. HP: 49/65 MP: 8/8
   576 | D        | Reached *** piety under Makhleb
   606 | D        | Noticed Erica
   613 | D        | Killed Erica
   613 | D        | Reached skill level 12 in Long Blades
   613 | D        | Reached skill level 1 in Evocations
   751 | D        | Noticed a komodo dragon
   761 | D        | Reached **** piety under Makhleb
   763 | D        | Noticed a six-headed hydra
   774 | D        | Gained mutation: You regenerate health from kills. [demonic
                  | ancestry]
   774 | D        | Reached XP level 9. HP: 71/72 MP: 8/10
   776 | D        | Reached skill level 13 in Long Blades
   785 | D        | Killed a komodo dragon
   789 | D        | Killed a three-headed hydra
   789 | D        | Reached ***** piety under Makhleb
   789 | D        | Reached skill level 14 in Long Blades
   812 | D        | Noticed a black mamba
   812 | D        | Noticed a six-headed hydra
   829 | D        | Slain by a three-headed hydra

Levels and vault maps discovered:
D:        linesprint [early_d, line_temple, items_1, d_10, items_2, lair_1,
          lair_end, items_3, orc_1, orc_end, items_4, d_15, swamp_1, shoals_1,
          snake_1, spider_1, d_20, vaults_1, items_5, swamp_end, shoals_end,
          snake_end, spider_end, vaults_end, d_27, items_6, zot_1, zot_end,
          crypt_end, forest_end, elf_end, slime_end, tomb_end, abyss_end,
          pan_hell_end]

Skill      XL: |  1  2  3  4  5  6  7  8  9 |
---------------+----------------------------+-----
Shields        | 4 5 6 7 8 9 |  9.4
Long Blades    | 3 4 7 8 9 11 12 14 | 14.3
Fighting       | 4 5 6 7 8 |  8.1
Armour         | 3 4 6 7 8 |  8.6
Dodging        | 1 2 3 4 |  4.7
Evocations     | 1 2 |  2.1
Stealth        | |  0.2

Action                   |  1- 3 |  4- 6 |  7- 9 || total
-------------------------+-------+-------+-------++-------
Melee: Long sword        |    31 |    97 |    17 ||   145
       Scimitar          |       |       |    54 ||    54
Evoke: Wand              |       |       |     3 ||     3
  Use: Potion            |       |     3 |     1 ||     4
Armor: Scale mail        |     7 |     3 |       ||    10
       Chain mail        |       |    42 |    41 ||    83
Dodge: Dodged            |    10 |    28 |    21 ||    59
Block: Shield            |    15 |    42 |    22 ||    79
       Rpst.: Long sword |     2 |     6 |     2 ||    10
       Scimitar          |       |       |     3 ||     3
